 Dungeon Crawl Stone Soup version 0.17.0-24-gcfadda4 (webtiles) character file.

60 swanee the Charmwright (level 3, 0/26 HPs)
             Began as a Mummy Wanderer on Nov 16, 2015.
             Slain by Jessica
             ... wielding a +1 dagger of holy wrath
              (1 damage)
             ... on level 2 of the Dungeon.
             The game lasted 00:06:47 (1461 turns).

swanee the Charmwright (Mummy Wanderer)             Turns: 1461, Time: 00:06:47

Health: 0/26       AC:  8    Str: 15    XL:     3   Next: 82%
Magic:  4/4        EV:  6    Int: 11    God:
Gold:   101        SH:  0    Dex: 12    Spells: 0 memorised, 4 levels left

rFire  x . .     SeeInvis .     h - +0 club
rCold  + . .     Clarity  .     k - +0 chain mail
rNeg   + + +     SustAt   .     (no shield)
rPois  ∞         Gourm    .     (no helmet)
rElec  .         Spirit   .     (no cloak)
rCorr  .         Warding  .     (no gloves)
rMut   .         Stasis   .     (no boots)
MR     .....                    (no amulet)
Stlth  ..........               (no ring)
                                (no ring)

@: not resistant to hostile enchantments, extremely unstealthy
A: no food or potions, fire vulnerability, cold resistance 1, negative energy
resistance 3, torment resistance, unbreathing
a: no special abilities


You were on level 2 of the Dungeon.
You were not hungry.

You visited 1 branch of the dungeon, and saw 3 of its levels.

You collected 101 gold pieces.

Inventory:

Hand Weapons
 a - a +2 shortbow
 d - a +0 blowgun
 h - a +0 club (weapon)
 j - a +0 club
Missiles
 b - 10 arrows
 c - 12 poisoned needles
 f - 50 stones (quivered)
Armour
 e - a +0 robe
 i - a +0 ring mail
 k - a +0 chain mail (worn)
Scrolls
 g - a scroll of identify {unknown}


   Skills:
 + Level 1.2 Fighting
 + Level 2.1 Bows
 - Level 1.0 Throwing
 - Level 1.0 Armour
 * Level 1.4 Dodging
 * Level 0.3 Stealth
   Level 1.0 Shields
 * Level 1.0 Spellcasting
   Level 1.0 Hexes
   Level 3.2 Charms


You had 4 spell levels left.
You didn't know any spells.

Dungeon Overview and Level Annotations

Branches:
Dungeon (3/15)

Altars:

Annotations:
D:2 Jessica, Robin


Innate Abilities, Weirdness & Mutations

You do not eat or drink.
Your flesh is vulnerable to fire.
You are immune to poison.
Your flesh is cold resistant.
You are immune to negative energy.
You are immune to unholy pain and torment.
You can survive without breathing.


Message History

Jessica is severely wounded.
Jessica barely misses you. x2
The goblin hits you but does no damage.
You closely miss Jessica.
Jessica is severely wounded.
Jessica barely misses you. The goblin hits you.
* * * LOW HITPOINT WARNING * * *
Jessica hits you but does no damage. The goblin hits you.
* * * LOW HITPOINT WARNING * * *
You barely miss Jessica.
Jessica is severely wounded.
Jessica casts a spell at you.
You are unaffected.
Jessica hits you but does no damage. The goblin hits you but does no damage.
You hit Jessica but do no damage.
Jessica is severely wounded.
Jessica hits you with a dagger of holy wrath.
* * * LOW HITPOINT WARNING * * *
You convulse.
You die...

..≈≈≈.....≈≈≈≈....##...#
...§§.§..≈≈≈≈≈≈......#
#..§§§..≈≈≈≈≈≈....##...
#..§§§.≈≈≈≈≈≈≈.÷..# ##
#...§.§≈≈≈≈≈......#
#...≈≈≈§≈§§≈≈.....#######
#..≈≈≈§≈§≈≈≈≈............
#.≈§≈§≈≈≈≈≈≈≈≈≈.).#######
. ≈≈≈≈≈≈≈.@@g######....
≈≈≈≈(........)....#
≈≈≈.......#######...#
≈≈÷....%..# # .≈.........
.≈........## #######...#
..... ##...


You could see Jessica and a goblin.

Vanquished Creatures
  A gnoll (D:1)
  An adder (D:2)
  A bat (D:1)
  2 giant cockroaches
  6 hobgoblins
  5 jackals
  A giant newt (D:3)
  12 goblins
  6 kobolds
  A quokka (D:3)
  3 rats
39 creatures vanquished.

Vanquished Creatures (others)
  An adder (D:2)
  A jackal (D:2)
2 creatures vanquished.

Grand Total: 41 creatures vanquished

Notes
Turn   | Place    | Note
--------------------------------------------------------------
     0 | D:1      | swanee the Mummy Wanderer began the quest for the Orb.
     0 | D:1      | swanee set off with: a +2 shortbow, 27 arrows, 12 poisoned needles, a +0 blowgun, a +0 robe
     0 | D:1      | Reached XP level 1. HP: 15/15 MP: 1/1
   185 | D:1      | Reached XP level 2. HP: 18/21 MP: 2/2
   407 | D:1      | Reached XP level 3. HP: 19/26 MP: 4/4
   855 | D:2      | Reached skill level 1 in Dodging
   855 | D:2      | Reached skill level 1 in Spellcasting
  1081 | D:2      | Noticed Jessica
  1084 | D:2      | Noticed Robin
  1459 | D:2      | HP: 1/26 [goblin[Robin] (3)]
  1461 | D:2      | Slain by Jessica

Action                   || total
-------------------------++-------
Melee: Club              ||    61
 Fire: Shortbow          ||    85
Throw: Stone             ||    20
  Use: Scroll            ||     1
